 Dungeon Crawl Stone Soup version 0.24-a0-139-geb6712d (webtiles) character file.

Game seed: 11033326090775799631

54 Arum the Skirmisher (level 4, 0/37 HPs)
             Began as a Formicid Abyssal Knight on Mar 3, 2019.
             Was a Believer of Lugonu.
             Slain by a gnoll
             ... wielding a +0 spear
              (5 damage)
             ... on level 2 of the Dungeon.
             The game lasted 00:03:31 (1720 turns).

Arum the Skirmisher (Formicid Abyssal Knight)       Turns: 1720, Time: 00:03:32

Health: 0/37       AC:  5    Str: 17    XL:     4   Next: 12%
Magic:  5/6        EV: 10    Int: 12    God:    Lugonu [**....]
Gold:   80         SH:  0    Dex: 10    Spells: 3/3 levels left

rFire    . . .     SeeInvis +   a - +1 hand axe
rCold    . . .     Gourm    .   (no shield)
rNeg     . . .     Faith    .   i - +0 ring mail
rPois    .         Spirit   .   (helmet unavailable)
rElec    .         Reflect  .   (no cloak)
rCorr    .         Harm     .   (no gloves)
MR       .....                  (no boots)
Stlth    ..........             (no amulet)
HPRegen  0.12/turn              d - ring of flight
MPRegen  0.10/turn              (no ring)

@: no status effects
A: permanent stasis, dig shafts and tunnels, four strong arms, antennae 3
a: Dig, Shaft Self, Depart the Abyss, Bend Space, Renounce Religion, Evoke
Flight


You were on level 2 of the Dungeon.
You worshipped Lugonu.
Lugonu was pleased with you.
You were not hungry.

You visited 1 branch of the dungeon, and saw 3 of its levels.
You visited the Abyss 1 time.

You collected 80 gold pieces.

Inventory:

Hand Weapons
 a - a +1 hand axe (weapon)
Missiles
 f - a throwing net (quivered)
Armour
 i - a +0 ring mail (worn)
Jewellery
 d - a ring of flight (left hand)
 n - an uncursed amulet of regeneration {unknown}
Scrolls
 g - 5 scrolls of identify {unknown}
 h - 2 scrolls of remove curse {unknown}
 l - a scroll of random uselessness {unknown}
 o - a scroll of enchant armour {unknown}
 p - a scroll of enchant weapon {unknown}
 u - 2 scrolls of teleportation {unknown}
Potions
 b - a potion of brilliance {unknown}
 e - a potion of agility {unknown}
 j - 2 potions of cancellation {unknown}
 k - a potion of degeneration {unknown}
 m - 2 potions of might {unknown}
 q - a potion of heal wounds {unknown}
 r - a potion of lignification {unknown}
 s - a potion of curing {unknown}
Comestibles
 c - 4 rations
 t - a chunk of flesh


   Skills:
 + Level 3.7 Fighting
 + Level 2.5 Axes
 + Level 2.9 Armour
 - Level 1.0 Dodging
 + Level 3.1 Invocations


You had 3 spell levels left.
You didn't know any spells.
Your spell library was empty.

Dungeon Overview and Level Annotations

Branches:
Dungeon (3/15)

Altars:


Innate Abilities, Weirdness & Mutations

You cannot be hasted, slowed, berserked, paralysed or teleported.
You can dig through walls and to a lower floor.
Your four strong arms can wield two-handed weapons with a shield.
You have a pair of large antennae on your head. (SInv)


Message History

Unknown command.
You barely miss the gnoll.
The gnoll is heavily wounded.
You closely miss the gnoll.
The gnoll hits you but does no damage. x2
Unknown command.
The gnoll barely misses you.
You hit the gnoll.
The gnoll is heavily wounded.
The gnoll barely misses you.
Things that are here:
a +0 club; a hobgoblin skeleton You hit the gnoll but do no damage.
The gnoll is heavily wounded.
The gnoll hits you with a +0 club.
* * * LOW HITPOINT WARNING * * *
Unknown command.
Space bends around you!
You blink.
The gnoll hits you but does no damage.
Unknown command.
The gnoll hits you with a +0 spear.
You die...

######### ####.......#
#..........# #######
#.##.......# #.g.g.#
#.#......รท.#
#.###@####.#......(.##
#...>.................
####[.####.#.#######..
#.....####.#.# #.#
#..........#.#######.#
######.....................
#....#....#######'#######.#
#....#....# #........# #.#
#....#....# #........# #.#


You could see 2 gnolls.

Vanquished Creatures
  An adder (D:2)
  A worm (D:2)
  A dart slug (D:1)
  3 leopard geckos
  A ball python (D:2)
  3 giant cockroaches
  3 goblins (D:1)
  6 hobgoblins
  4 kobolds (D:1)
  4 bats
  6 frilled lizards
  3 rats (D:1)
36 creatures vanquished.

Notes
Turn   | Place    | Note
-------+----------+-------------------------------------------
     0 | Abyss:1  | Arum the Formicid Abyssal Knight began the quest for the
                  | Orb.
     0 | Abyss:1  | Reached XP level 1. HP: 18/18 MP: 2/2
    27 | Abyss:1  | Noticed a small abomination
    36 | Abyss:1  | Noticed a sixfirhy
    40 | Abyss:2  | Found a corrupted altar of Lugonu.
    45 | Abyss:2  | Noticed a hellion
    46 | D:1      | Escaped the Abyss
    72 | D:1      | Reached skill level 1 in Dodging
   103 | D:1      | Reached * piety under Lugonu
   204 | D:1      | Reached XP level 2. HP: 24/24 MP: 3/3
   629 | D:1      | Reached XP level 3. HP: 27/29 MP: 5/5
  1453 | D:2      | Reached ** piety under Lugonu
  1453 | D:2      | Reached XP level 4. HP: 33/37 MP: 6/6
  1720 | D:2      | Slain by a gnoll

Levels and vault maps discovered:
D:1:      nzn_arrival_settlement, layout_basic, minmay_lizard_pond
D:2:      cheibrodos_old_hovel, layout_basic, first_ration
D:3:      kennysheep_six_static_rooms, layout_basic,
          nicolae_qazlal_eye_of_the_storm, grunt_dithmenos_smoke,
          lemuel_zombie_altar_kikubaaqudgha, uniq_ijyb
Abyss:1
Abyss:2

Skill      XL: |  1  2  3 |
---------------+----------+-----
Dodging        | 1 |  1.0
Invocations    | 3 |  3.1
Fighting       | |  3.7
Axes           | |  2.5
Armour         | |  2.9

Action                   |  1- 3 |  4- 6 || total
-------------------------+-------+-------++-------
Melee: Hand axe          |    96 |    23 ||   119
Invok: Depart the Abyss  |     1 |       ||     1
       Bend Space        |       |     1 ||     1
  Eat: Chunk             |     1 |     2 ||     3
Armor: Leather armour    |     8 |       ||     8
       Ring mail         |    34 |     9 ||    43
Dodge: Dodged            |    52 |    11 ||    63

Table legend:
 A = Non-vault XP
 B = Vault XP
 C = Vault XP percentage of total XP
 D = Non-vault monster count
 E = Vault monster count
 F = Vault count percentage of total count
                 A         B        C        D         E       F
            +---------+---------+-------+---------+---------+-------
      Total |      62 |      16 |  20.5 |      32 |       4 |  11.1
            +---------+---------+-------+---------+---------+-------
        D:1 |      39 |       3 |   7.1 |      21 |       3 |  12.5
        D:2 |      23 |      13 |  36.1 |      11 |       1 |   8.3
            +---------+---------+-------+---------+---------+-------
